 Dungeon Crawl Stone Soup version 0.30-a0-137-gd8773701ce (webtiles) character file.

Game seed: 14121175282499476956

1732 KennySheep the Poker (level 9, -1/54 HPs)
             Began as a Tengu Gladiator on Sept 23, 2022.
             Was a Follower of Sif Muna.
             Succumbed to Duvessa's poison
             ... on level 5 of the Dungeon.
             The game lasted 00:12:59 (3454 turns).

KennySheep the Poker (Tengu Gladiator)              Turns: 3454, Time: 00:12:59

Health: -1/54      AC:  8    Str: 15    XL:     9   Next: 5%
Magic:  13/13      EV: 18    Int: 12    God:    Sif Muna [*.....]
Gold:   230        SH:  0    Dex: 16    Spells: 12/12 levels left

rFire   . . .      SeeInvis .    a - +5 spear "Jenacox" {spect, rElec rC+}
rCold   + . .      Faith    .    (no shield)
rNeg    . . .      Spirit   .    r - +1 robe of Tall {Stlth+}
rPois   .          Reflect  .    c - +0 hat
rElec   +          Harm     .    (no cloak)
rCorr   .          Rampage  .    j - +0 pair of gloves
Will    .....                    (boots unavailable)
Stlth   +++.......               (no amulet)
HPRegen 0.18/turn                f - +4 ring of protection
MPRegen 0.13/turn                (no ring)

@: brilliant, lethally poisoned (-1 -> -15), flying quickly and evasively,
hasted, studying Spellcasting, very quick
A: beak, talons 3, nimble flight
a: Renounce Religion, Channel Magic


You were on level 5 of the Dungeon.
You worshipped Sif Muna.
Sif Muna was aware of your devotion.
You visited 2 branches of the dungeon, and saw 6 of its levels.
You also visited: Sewer.

You collected 230 gold pieces.

Inventory:

Hand Weapons
 a - the +5 spear "Jenacox" (weapon) {spect, rElec rC+}
   (You found it on level 2 of the Dungeon)

   When its wielder attacks, the weapon's spirit leaps out and strikes again.
   The spirit shares a part of any damage it takes with its wielder.
   rC:        It protects you from cold.
   rElec:     It insulates you from electricity.
 b - a +2 trident of pain
 n - a +0 quarterstaff
Missiles
 d - 4 throwing nets (quivered)
 e - a javelin
Armour
 c - a +0 hat (worn)
 i - a +0 ring mail
 j - a +0 pair of gloves (worn)
 r - the +1 robe of Tall (worn) {Stlth+}
   (You found it on level 2 of the Dungeon)

   Stlth:     It makes you more stealthy.
 A - a +0 leather armour
Jewellery
 f - a +4 ring of protection (left hand)
 u - an amulet of regeneration
 y - a ring of magical power
Scrolls
 g - 3 scrolls of teleportation
 h - 3 scrolls of poison {unknown}
 k - 2 scrolls of magic mapping
 v - a scroll of fear
 B - 2 scrolls of amnesia
 C - a scroll of enchant weapon {unknown}
 D - a scroll of enchant armour {unknown}
Potions
 l - 2 potions of curing
 m - a potion of heal wounds {unknown}
 o - a potion of flight {unknown}
 p - a potion of ambrosia {unknown}
 q - a potion of berserk rage {unknown}
 s - 2 potions of haste
 t - a potion of brilliance
 w - a potion of resistance {unknown}
 x - 2 potions of mutation {unknown}
 z - a potion of attraction {unknown}


   Skills:
 + Level 5.2 Fighting
 * Level 7.3(7.8) Polearms
 - Level 3.9(6.1) Staves
 - Level 2.0 Throwing
 - Level 4.7 Armour
 - Level 6.0 Dodging
 + Level 2.0 Stealth
 - Level 2.0 Spellcasting
 - Level 1.1 Necromancy


You had 12 spell levels left.
You didn't know any spells.
Your spell library was empty.

Dungeon Overview and Level Annotations

Branches:
Dungeon (5/15)             Temple (1/1) D:5           Sewer (visited)

Altars:
Ashenzari
Dithmenos
Elyvilon
Fedhas
Hepliaklqana
Sif Muna
Trog
Uskayaw
Zin
The Shining One

Shops:
D:1 :   D:3 =

Annotations:
D:5 Duvessa


Innate Abilities, Weirdness & Mutations

You have a beak for a mouth.
You have claws for feet.
Your magical nature lets you fly swiftly and evasively.


Message History

You feel sick. Duvessa closely misses you. Duvessa barely misses you.
You hit Duvessa but do no damage. You claw Duvessa, but do no damage.
Duvessa is moderately wounded.
Your +5 spear "Jenacox" {spect, rElec rC+} hits Duvessa from afar.
You feel sick.
Duvessa hits you with a +1 short sword of venom!
You hit Duvessa but do no damage.
Duvessa is heavily wounded.
Your +5 spear "Jenacox" {spect, rElec rC+} hits Duvessa but does no damage.
You feel sick.
Duvessa hits you with a +1 short sword of venom!
* * * LOW HITPOINT WARNING * * *
You are lethally poisoned!
You swap places.
* * * LOW HITPOINT WARNING * * *
You feel very sick.
There is an open door here.
You hit Duvessa. Your kick misses Duvessa. Your peck misses Duvessa.
Duvessa is heavily wounded.
Your +5 spear "Jenacox" {spect, rElec rC+} hits Duvessa from afar!
* * * LOW HITPOINT WARNING * * *
You feel very sick. Duvessa misses you.
You swap places.
* * * LOW HITPOINT WARNING * * *
You feel very sick.
It was a potion of curing.
You feel better.
Duvessa hits you with a +1 short sword of venom.
* * * LOW HITPOINT WARNING * * *
You are lethally poisoned!
Duvessa closely misses you.
It was a potion of haste.
You feel yourself speed up.
* * * LOW HITPOINT WARNING * * *
You feel very sick.
Duvessa hits you with a +1 short sword of venom.
* * * LOW HITPOINT WARNING * * *
You are more poisoned.
It was a potion of brilliance.
You feel clever all of a sudden.
You die...

#.##.......######..)........#
#.......#..........######...#
#####.#.#.########.# ##.##
#....#....# *#+## #.## #####
#.#######.# *#...## #.#. #)..#
#....#....#*#.....#* #.#. ....#
####.#.#####)......** #...
#...#######.#.####........,* ##..
...)............@e......#*** #..
##.########...####......#*###*#..
##.# ##..# ##....##*.??*##. *..#
##.# *#...# *...* ## #.## #>#
*#.######### * #.* #.# #####
#.....# * #.* #.# #..,* #.._..# *
#.* #####.#####.#####.....### *,*
#........##.##.####'####.


You could see Duvessa (berserk).

Vanquished Creatures
  Pikel (D:4)
  Sigmund (D:4)
  An ice beast (D:5)
  An ogre (D:5)
  A lemure (D:4)
  6 kobold brigands
  4 scorpions
  Dowan (D:5)
  A hound (D:5)
  6 gnolls
  11 adders
  A white imp (D:4)
  3 worms
  A dart slug (D:1)
  13 ball pythons
  13 endoplasms
  2 giant cockroaches
  3 goblins
  11 hobgoblins
  5 quokkas
  3 bats
  A frilled lizard (D:1)
  13 kobolds
  7 rats
110 creatures vanquished.

Notes
Turn   | Place    | Note
-------+----------+-------------------------------------------
     0 | D:1      | KennySheep the Tengu Gladiator began the quest for the Orb.
     0 | D:1      | Reached XP level 1. HP: 12/12 MP: 2/2
    51 | D:1      | Found a faded altar of an unknown god.
    79 | D:1      | Prayed at the altar of an unknown god.
    79 | D:1      | Became a worshipper of Elyvilon the Healer
    79 | D:1      | Reached * piety under Elyvilon
   174 | D:1      | Reached XP level 2. HP: 8/17 MP: 3/3
   402 | D:1      | Found Kipnit's Vocational Training.
   562 | D:1      | Reached skill level 1 in Armour
   723 | D:1      | Reached XP level 3. HP: 21/21 MP: 4/4
   841 | D:1      | You fall into a shaft and drop 1 floor!
   842 | D:2      | Reached ** piety under Elyvilon
   866 | D:2      | Identified the +5 spear "Jenacox" {spect, rElec rC+}
  1039 | D:2      | Reached skill level 1 in Polearms
  1039 | D:2      | Reached XP level 4. HP: 25/27 MP: 5/5
  1143 | D:2      | Identified the +1 robe of Tall {Stlth+}
  1296 | D:3      | Noticed a +0 dagger
  1296 | D:3      | Noticed a +0 hand axe
  1296 | D:3      | Found a hide-covered altar of Uskayaw.
  1502 | D:3      | Found Tutibat's Jewellery Shoppe.
  1727 | D:4      | Reached skill level 2 in Polearms
  1727 | D:4      | Gained mutation: Your magical nature lets you fly swiftly
                  | and evasively. [Tengu growth]
  1727 | D:4      | Reached XP level 5. HP: 32/32 MP: 6/6
  1886 | D:4      | Found a broken altar of Ashenzari.
  1992 | D:4      | Reached skill level 3 in Polearms
  1992 | D:4      | Reached XP level 6. HP: 37/37 MP: 7/7
  2031 | D:4      | Reached *** piety under Elyvilon
  2109 | D:4      | Noticed Pikel
  2122 | D:4      | Killed Pikel
  2123 | D:4      | Reached skill level 4 in Polearms
  2123 | D:4      | Reached skill level 5 in Dodging
  2123 | D:4      | Reached XP level 7. HP: 42/43 MP: 8/8
  2187 | D:4      | Noticed Sigmund
  2194 | D:4      | Killed Sigmund
  2195 | D:4      | Reached skill level 5 in Polearms
  2195 | D:4      | Reached XP level 8. HP: 46/48 MP: 9/9
  2466 | D:5      | Entered Level 5 of the Dungeon
  2529 | D:5      | Found a staircase to the Ecumenical Temple.
  2538 | Temple   | Entered the Ecumenical Temple
  2542 | Temple   | Fell from the grace of Elyvilon
  2542 | Temple   | Became a worshipper of Sif Muna the Loreminder
  2602 | D:5      | Found a glowing silver altar of Zin.
  2609 | D:5      | Found a glowing drain.
  2625 | Sewer    | Entered a sewer
  2653 | Sewer    | Reached skill level 6 in Polearms
  2653 | Sewer    | Reached skill level 1 in Spellcasting
  3218 | Sewer    | Reached * piety under Sif Muna
  3239 | Sewer    | Reached skill level 1 in Necromancy
  3330 | D:5      | Reached skill level 5 in Fighting
  3330 | D:5      | Reached skill level 1 in Stealth
  3402 | D:5      | Reached skill level 7 in Polearms
  3436 | D:5      | Noticed Dowan
  3437 | D:5      | Noticed Duvessa
  3441 | D:5      | Reached XP level 9. HP: 50/54 MP: 13/13
  3443 | D:5      | Killed Dowan
  3453 | D:5      | HP: 1/54 [Duvessa/+1 short sword of venom (6)]
  3454 | D:5      | Succumbed to Duvessa's poison

Illustrated notes

Levels and vault maps discovered:
D:1:      minmay_arrival_floating_metal, layout_basic,
          ebering_ecumenical_altar_box, serial_corexii_hall,
          corexii_hall_statues_i, corexii_hall_statues_i,
          corexii_hall_statues_deadend, chequers_hall_statues_wall_a,
          nicolae_shop_vocational
D:2:      layout_rooms
D:3:      layout_rooms, dancing_weapons_uskayaw, serial_shops,
          nicolae_shop_hallway_plus
D:4:      layout_gridville, nicolae_ashenzari_panopticon,
          hangedman_decor_riveting, minmay_misc_feat_roman,
          minmay_manual_macuahuitl, uniq_pikel, uniq_sigmund
D:5:      layout_loops_corners, zin_scriptorium, nemelex_diamond_rough_becter,
          minmay_temple_entry_antechambers, cheibrodos_sewer_entry_bend,
          uniq_duvessa
Temple:   hellmonk_temple_two_chambers

Skill      XL: |  1  2  3  4  5  6  7  8  9 |
---------------+----------------------------+-----
Armour         | 1 2 3 4 |  4.7
Polearms       | 1 2 3 4 5 7 |  7.3
Dodging        | 4 5 6 |  6.0
Fighting       | 3 4 5 |  5.2
Spellcasting   | 2 |  2.0
Necromancy     | 1 |  1.1
Stealth        | 1 2 |  2.0
Staves         | |  3.9
Throwing       | |  2.0

Action                   |  1- 3 |  4- 6 |  7- 9 || total
-------------------------+-------+-------+-------++-------
Melee: Quarterstaff      |    62 |       |       ||    62
       Kick              |     9 |     4 |    19 ||    32
       Peck              |     7 |     6 |     9 ||    22
       Spear             |     7 |    56 |    83 ||   146
       Punch             |       |       |     1 ||     1
  Use: Scroll            |       |       |     5 ||     5
       Potion            |       |       |     3 ||     3
 Stab: Sleeping          |       |     3 |     6 ||     9
       Distracted        |       |       |     2 ||     2
Armor: Leather armour    |     7 |       |       ||     7
       Ring mail         |    13 |       |       ||    13
       Robe              |       |     3 |     9 ||    12
Dodge: Dodged            |    50 |    16 |    14 ||    80

Table legend: (Time is in decaauts)
 A = Elapsed time spent in this place.
 B = Non-inter-level travel time spent in this place.
 C = Inter-level travel time spent in this place.
 D = Time resting spent in this place.
 E = Time spent auto-exploring this place.
 F = Levels seen in this place.
 G = Mean time per level.
                   A        B        C        D        E       F      G
               +--------+--------+--------+--------+--------+-----+--------+
         Total |   3301 |   3145 |    156 |    158 |   2300 |   7 |  471.6 |
       Dungeon |   2677 |   2521 |    156 |    158 |   1848 |   5 |  535.4 |
        Temple |      8 |      8 |      0 |      0 |      0 |   1 |    8.0 |
         Sewer |    615 |    615 |      0 |      0 |    452 |   1 |  615.0 |
               +--------+--------+--------+--------+--------+-----+--------+

Top non-repeatable levels by time:
     D:1: 849 daAuts
     D:4: 687 daAuts
   Sewer: 615 daAuts
     D:2: 454 daAuts
     D:3: 415 daAuts
     D:5: 271 daAuts
  Temple: 8 daAuts
